 Dungeon Crawl Stone Soup version 0.25-a0-667-gb977e01cb5 (webtiles) character file.

Game seed: 16719331704479488671, levelgen mode: deterministic

28703 ipx the Cleaver (level 13, -2/81 HPs)
             Began as a Gargoyle Arcane Marksman on Mar 27, 2020.
             Was a High Priest of Makhleb.
             Slain by an orc warrior
             ... wielding a +0 mace
              (23 damage)
             ... on level 2 of the Orcish Mines.
             The game lasted 01:42:55 (7426 turns).

ipx the Cleaver (Gargoyle Arcane Marksman)          Turns: 7426, Time: 01:42:56

Health: -2/81      AC: 34    Str: 16    XL:     13   Next: 40%
Magic:  16/16      EV: 10    Int: 14    God:    Makhleb [*****.]
Gold:   1614       SH:  0    Dex: 15    Spells: 14/14 levels left

rFire    + . .     SeeInvis .   a - +1 war axe (venom)
rCold    . . .     Gourm    .   (no shield)
rNeg     + . .     Faith    .   P - +2 plate armour {MR+}
rPois    ∞         Spirit   .   q - +0 helmet
rElec    +         Reflect  .   x - +2 cloak
rCorr    .         Harm     .   (no gloves)
MR       +....                  m - +2 pair of boots
Stlth    ..........             R - amulet "Xawnaj" {rElec Regen+ Dex+2}
HPRegen  0.63/turn              f - ring of protection from fire
MPRegen  0.15/turn              E - +2 ring of evasion

@: hasted, very quick
A: negative energy resistance 1, electricity resistance, unbreathing,
petrification resistance, rot immunity, AC +9
a: Minor Destruction, Lesser Servant of Makhleb, Major Destruction, Greater
Servant of Makhleb, Renounce Religion


You were on level 2 of the Orcish Mines.
You worshipped Makhleb.
Makhleb was extremely pleased with you.
You were not hungry.

You visited 4 branches of the dungeon, and saw 19 of its levels.
You also visited: Gauntlet.

You collected 1784 gold pieces.
You spent 170 gold pieces at shops.

Inventory:

Hand Weapons
 a - a +1 war axe of venom (weapon)
 h - a +3 dire flail
Missiles
 d - 9 poisoned darts
 i - 3 boomerangs of dispersal (quivered)
 l - 4 javelins
 u - a boomerang
 L - 2 silver boomerangs
 T - 21 silver javelins
Armour
 e - the +3 helmet "Geipintinoph" {-Cast +Blink Dex-2 SInv}
   (You found it in a Gauntlet)

   It affects your dexterity (-2).
   It lets you see invisible.
   It lets you blink.
   It prevents spellcasting.
 m - a +2 pair of boots (worn)
 q - a +0 helmet (worn)
 x - a +2 cloak (worn)
 A - a scarf of resistance
 C - a +2 ring mail of fire resistance
 P - a +2 plate armour of magic resistance (worn)
Jewellery
 c - an uncursed ring of protection from cold
 f - a ring of protection from fire (left hand)
 v - an uncursed ring of see invisible
 z - an uncursed ring of resist corrosion
 E - a +2 ring of evasion (right hand)
 I - a +3 ring of intelligence
 R - the amulet "Xawnaj" (around neck) {rElec Regen+ Dex+2}
   (You found it in a Gauntlet)

   [amulet of regeneration]

   It affects your dexterity (+2).
   It insulates you from electricity.
   It increases your rate of regeneration.
Wands
 o - a wand of polymorph (11)
 r - a wand of disintegration (27)
 K - a wand of enslavement (13)
 W - a wand of clouds (3)
 Z - a wand of acid (13)
Scrolls
 b - 2 scrolls of summoning {unknown}
 g - 10 scrolls of remove curse
 n - a scroll of noise {unknown}
 p - 2 scrolls of teleportation {unknown}
 s - 3 scrolls of amnesia
 w - 2 scrolls of enchant armour
 y - 2 scrolls of magic mapping
 D - 2 scrolls of blinking {unknown}
 G - 3 scrolls of enchant weapon
 J - 2 scrolls of fog
 N - 2 scrolls of holy word
 O - 2 scrolls of immolation
 Q - 2 scrolls of fear
Potions
 j - 2 potions of stabbing
 k - a potion of curing
 t - a potion of flight
 B - a potion of lignification
 F - a potion of haste
 M - a potion of mutation {unknown}
 S - 3 potions of brilliance
 X - a potion of magic
Miscellaneous
 H - a tin of tremorstones
 V - a lamp of fire
Comestibles
 Y - 9 rations


   Skills:
 + Level 9.7 Fighting
 * Level 14.2 Axes
 - Level 2.0 Throwing
 + Level 9.7 Armour
 + Level 5.9 Dodging
 - Level 1.0 Spellcasting
   Level 2.6 Hexes
 - Level 5.0 Invocations
 + Level 4.2 Evocations


You had 14 spell levels left.
You didn't know any spells.
Your spell library contained the following spells:

 Spells                   Type           Power        Failure   Level  Hunger
 Corona                   Hex            #......      95%         1    ##.....
 Slow                     Hex            #.......     99%         2    ###....
 Animate Skeleton         Necr           N/A          100%        1    ##.....
 Apportation              Tloc           #.....       100%        1    ##.....
 Foxfire                  Conj/Fire      #...         100%        1    ##.....
 Summon Small Mammal      Summ           #...         100%        1    ##.....
 Confusing Touch          Hex            #.......     100%        3    ####...
 Conjure Flame            Conj/Fire      #.......     100%        3    ####...
 Gell's Gravitas          Tloc           #.........   100%        3    ####...
 Inner Flame              Hex/Fire       #.......     100%        3    ####...
 Portal Projectile        Hex/Tloc       #.....       100%        3    ####...
 Cause Fear               Hex            #.........   100%        4    #####..
 Leda's Liquefaction      Hex/Erth       #.........   100%        4    #####..
 Petrify                  Tmut/Erth      #.......     100%        4    #####..
 Sticky Flame             Conj/Fire      #.......     100%        4    #####..
 Fireball                 Conj/Fire      #.........   100%        5    ######.
 Metabolic Englaciation   Hex/Ice        #.........   100%        5    ######.
 Yara's Violent Unravell  Hex/Tmut       #.........   100%        5    ######.
 Dispersal                Tloc           #.........   100%        6    #######
 Controlled Blink         Tloc           N/A          100%        8    #######
 Disjunction              Tloc           #.........   100%        8    #######


Dungeon Overview and Level Annotations

Branches:
Dungeon (12/15)            Temple (1/1) D:7            Lair (4/6) D:9
  Swamp (0/4) Lair:3          Orc (2/2) D:10            Elf (0/3) Orc:2
Gauntlet (visited)
  Snake: Lair:2-4    Spider: Lair:2-4

Altars:
Ashenzari
Cheibriados
Dithmenos
Elyvilon
Fedhas
Gozag
Hepliaklqana
Kikubaaqudgha
Makhleb
Nemelex Xobeh
Okawaru
Qazlal
Ru
Trog
Uskayaw
Vehumet
Wu Jian
Yredelemnul
Zin
The Shining One
Beogh

Shops:
D:4 *

Annotations:
D:4 4 runed translucent doors, Floretta's ghost, novice MiBe
D:6 3 runed translucent doors, kae's ghost, novice TeFE
D:8 3 runed translucent doors, kae's ghost, novice TeAE
D:10 1 runed translucent door, Thantalas's ghost, journeyman DrCj


Innate Abilities, Weirdness & Mutations

You are resistant to torment.
Your stone body is resilient. (AC +9)
You are immune to poison.
You resist negative energy. (rN+)
You are resistant to electric shocks. (rElec)
You can survive without breathing.
You are immune to petrification.
You are immune to rotting.


Message History

The orc warrior barely misses you. The orc knight barely misses you.
An orc warrior comes into view. It is wielding a +0 hand axe.
The orc warrior hits you but does no damage.
The orc warrior shouts!
You slash the orc knight!
The orc knight looks as sick as possible!
The orc knight is heavily wounded.
You hit the orc knight.
The orc knight looks as sick as possible!
You hit the orc warrior.
The orc warrior is poisoned.
You hear a shout!
You hit the orc knight.
The orc knight is severely wounded.
You hit the orc warrior but do no damage.
The orc warrior looks as sick as possible!
You miss the orc knight.
The orc knight roars a battlecry!
The orcs go into a battle-frenzy!
The orc warrior hits you with a +0 mace!!
You die...

.#..................#
.....##..#....#...###
.....#.............##
.[)...............#.##
.<).............(....#########
))([..........................
..[[)............(............
....).........##.(##..##...###
.............##(@o.......≈≈#
.............#.ooo(.....≈≈≈#
.................o....≈≈≈≈##
.............#....o.≈≈≈≈###
.............#.....≈≈≈≈##
...................o.ooo..
._....................o...o
.............#.....≈≈≈≈####
.......####..#......≈≈≈≈#


You could see 4 orc knights, 6 orc warriors and an orc.

Vanquished Creatures
  Jorgrun (Orc:1)
  A green death (Gauntlet)
  2 hydras
  A two-headed ogre (D:12)
  2 ugly things
  A manticore (D:11)
  A moth of wrath (Gauntlet)
  9 elephants (Lair:4)
  2 black mambas
  4 spiny frogs
  6 rime drakes
  A komodo dragon (Lair:3)
  3 trolls
  Grinder (D:4)
  A hornet (D:7)
  3 hippogriffs
  14 blink frogs
  A redback (Gauntlet)
  A wraith (D:12)
  12 yaks
  2 basilisks
  2 steam dragons (Lair:3)
  A soldier ant (D:6)
  4 water moccasins
  A warg (Orc:2)
  2 swamp worms (Gauntlet)
  5 porcupines
  4 black bears
  3 ice beasts
  A phantom (D:8)
  3 sky beasts
  22 orc warriors
  6 wolves (Lair:2)
  6 centaurs
  11 ogres
  3 crocodiles
  Blork the orc (D:4)
  9 bullfrogs
  2 water moccasin skeletons (D:4)
  4 scorpions
  5 wights (D:11)
  4 crimson imps
  A centaur zombie (D:7)
  2 hounds
  A jelly (D:5)
  13 orc priests
  3 bullfrog skeletons
  3 iguanas
  13 orc wizards
  5 worker ants
  A killer bee zombie (D:4)
  3 hound skeletons
  7 gnolls (D:4)
  12 adders
  A shadow imp (D:5)
  An ooze (D:1)
  A worm (D:4)
  3 dart slugs
  5 leopard geckos
  83 orcs
  7 bats
  2 giant cockroaches
  12 goblins
  2 hobgoblins (D:1)
  4 kobolds
  3 quokkas
  2 ball pythons
  2 frilled lizards (D:1)
  A kobold skeleton (D:4)
  A quokka skeleton (D:4)
  4 rats
  3 fungi
369 creatures vanquished.

Vanquished Creatures (collateral kills)
  A minotaur (Gauntlet)
1 creature vanquished.

Vanquished Creatures (others)
  A redback (Gauntlet)
  A fungus (Lair:2)
  A plant (Lair:4)
3 creatures vanquished.

Grand Total: 373 creatures vanquished

Notes
Turn   | Place    | Note
-------+----------+-------------------------------------------
     0 | D:1      | ipx the Gargoyle Arcane Marksman began the quest for the
                  | Orb.
     0 | D:1      | Reached XP level 1. HP: 12/12 MP: 2/2
    43 | D:1      | Reached XP level 2. HP: 15/16 MP: 1/3
    55 | D:1      | Reached skill level 1 in Axes
   202 | D:1      | Reached skill level 2 in Axes
   202 | D:1      | Reached XP level 3. HP: 12/20 MP: 2/4
   507 | D:2      | Reached XP level 4. HP: 18/25 MP: 3/5
   594 | D:2      | Reached skill level 3 in Axes
   760 | D:4      | Reached skill level 4 in Axes
   760 | D:4      | Reached XP level 5. HP: 20/29 MP: 6/6
   817 | D:4      | Found a runed translucent door.
   817 | D:4      | Noticed a human
   851 | D:4      | Reached skill level 5 in Axes
   851 | D:4      | Reached XP level 6. HP: 11/34 MP: 7/7
   866 | D:4      | Found a runed translucent gate.
   866 | D:4      | Found a runed translucent gate.
   866 | D:4      | Found a runed translucent gate.
   891 | D:3      | Found a faded altar of an unknown god.
  1234 | D:4      | Noticed Grinder
  1292 | D:4      | Found a basalt altar of Yredelemnul.
  1299 | D:4      | Noticed Blork the orc
  1319 | D:4      | Killed Blork the orc
  1319 | D:4      | Reached skill level 6 in Axes
  1319 | D:4      | Reached XP level 7. HP: 17/38 MP: 8/8
  1355 | D:4      | Found Karetrax's General Store.
  1394 | D:4      | Bought a potion of lignification for 36 gold pieces
  1402 | D:4      | Paralysed by Grinder for 6 turns
  1438 | D:4      | Killed Grinder
  1438 | D:4      | Reached skill level 7 in Axes
  1506 | D:4      | Found an opulent altar of Gozag.
  1507 | D:4      | Noticed Floretta's ghost (novice MiBe)
  1584 | D:5      | Entered Level 5 of the Dungeon
  1690 | D:5      | Reached skill level 1 in Armour
  1750 | D:5      | Found a blossoming altar of Fedhas.
  1761 | D:5      | Reached XP level 8. HP: 28/44 MP: 9/9
  1994 | D:5      | Found a hazy altar of Hepliaklqana.
  1994 | D:5      | Found a glowing silver altar of Zin.
  2018 | D:5      | Found an opulent altar of Gozag.
  2068 | D:6      | Reached skill level 1 in Evocations
  2137 | D:6      | Found a runed translucent gate.
  2137 | D:6      | Found a runed translucent gate.
  2205 | D:4      | Bought a +1 war axe of venom for 134 gold pieces
  2272 | D:6      | Found a shadowy altar of Dithmenos.
  2348 | D:6      | Reached skill level 8 in Axes
  2394 | D:6      | Found a white marble altar of Elyvilon.
  2491 | D:6      | Noticed kae's ghost (novice TeFE)
  2502 | D:6      | Found a runed translucent gate.
  2624 | D:7      | Noticed a hornet
  2633 | D:7      | Killed a hornet
  2633 | D:7      | Reached XP level 9. HP: 35/52 MP: 10/10
  2772 | D:7      | Found an ornate altar of the Wu Jian Council.
  2909 | D:7      | Found a staircase to the Ecumenical Temple.
  2913 | Temple   | Entered the Ecumenical Temple
  2962 | Temple   | Became a worshipper of Makhleb the Destroyer
  3022 | D:7      | Reached skill level 5 in Fighting
  3022 | D:7      | Reached skill level 9 in Axes
  3054 | D:8      | Found a runed translucent gate.
  3054 | D:8      | Found a runed translucent gate.
  3054 | D:8      | Found a runed translucent gate.
  3054 | D:8      | Noticed kae's ghost (novice TeAE)
  3324 | D:9      | Reached skill level 5 in Armour
  3363 | D:9      | Found a staircase to the Lair.
  3446 | D:9      | Found a bloodstained altar of Trog.
  3531 | D:10     | Entered Level 10 of the Dungeon
  3581 | D:10     | Found a staircase to the Orcish Mines.
  3622 | D:10     | Reached * piety under Makhleb
  3692 | D:10     | Noticed a troll
  3697 | D:10     | Killed a troll
  3697 | D:10     | Reached skill level 10 in Axes
  3697 | D:10     | Reached XP level 10. HP: 32/60 MP: 11/11
  3837 | D:10     | Found a runed translucent door.
  3838 | D:10     | Noticed Thantalas's ghost (journeyman DrCj)
  3841 | D:10     | Noticed an orc sorcerer
  3908 | D:10     | Reached skill level 1 in Invocations
  3982 | D:11     | Noticed a manticore
  4004 | D:11     | Killed a manticore
  4138 | D:12     | Noticed a purple ugly thing
  4159 | D:12     | Killed a purple ugly thing
  4211 | D:12     | Noticed a two-headed ogre
  4231 | D:12     | Killed a two-headed ogre
  4365 | D:11     | Reached skill level 11 in Axes
  4492 | Lair:1   | Entered Level 1 of the Lair of Beasts
  4630 | Lair:1   | Noticed a seven-headed hydra
  4633 | Lair:1   | Reached XP level 11. HP: 51/67 MP: 13/13
  4649 | Lair:1   | Killed a seven-headed hydra
  4649 | Lair:1   | Reached ** piety under Makhleb
  4866 | Lair:2   | Noticed a four-headed hydra
  4911 | Lair:1   | Reached skill level 5 in Invocations
  5122 | Lair:2   | Killed a four-headed hydra
  5122 | Lair:2   | Reached skill level 12 in Axes
  5140 | Lair:2   | HP: 5/102 [blink frog (4)]
  5511 | Lair:3   | Reached XP level 12. HP: 34/73 MP: 15/15
  5657 | Lair:4   | Reached skill level 13 in Axes
  5695 | Lair:4   | Reached *** piety under Makhleb
  5868 | Lair:3   | Reached skill level 5 in Dodging
  5887 | Lair:3   | Noticed a six-headed hydra
  5940 | Lair:3   | Found a staircase to the Swamp.
  6116 | D:10     | Reached **** piety under Makhleb
  6194 | D:10     | Found a roughly hewn altar of Beogh.
  6391 | Orc:1    | Entered Level 1 of the Orcish Mines
  6511 | Orc:2    | Entered Level 2 of the Orcish Mines
  6525 | Orc:2    | Reached XP level 13. HP: 59/80 MP: 16/16
  6567 | Orc:2    | Reached ***** piety under Makhleb
  6603 | Orc:2    | Found a gate leading to a gauntlet.
  6611 | Gauntlet | Entered a Gauntlet
  6611 | Gauntlet | Found a transporter.
  6611 | Gauntlet | Found a transporter.
  6615 | Gauntlet | Found a transporter.
  6622 | Gauntlet | Found a transporter.
  6630 | Gauntlet | Found a transporter.
  6634 | Gauntlet | Found a transporter.
  6641 | Gauntlet | Found a transporter.
  6645 | Gauntlet | Noticed a reaper
  6646 | Gauntlet | Found a transporter.
  6649 | Gauntlet | Found a transporter.
  6649 | Gauntlet | Noticed a green death
  6652 | Gauntlet | Found a transporter.
  6728 | Gauntlet | Found a transporter.
  6759 | Gauntlet | Got a slimy helmet
  6768 | Gauntlet | Identified the ring "Zeal" {rPois Dex+6}
  6794 | Gauntlet | Found a transporter.
  6806 | Gauntlet | Identified the +3 helmet "Geipintinoph" {-Cast +Blink Dex-2
                  | SInv} (You found it in a Gauntlet)
  6834 | Gauntlet | Got a faintly glowing jade amulet
  6849 | Gauntlet | Killed a green death
  6849 | Gauntlet | Reached skill level 14 in Axes
  6850 | Gauntlet | Identified the amulet "Xawnaj" {rElec Regen+ Dex+2} (You
                  | found it in a Gauntlet)
  6898 | Gauntlet | Noticed a minotaur
  6918 | Gauntlet | Killed a minotaur
  7007 | Orc:2    | Found a staircase to the Elven Halls.
  7033 | Orc:2    | Found a roughly hewn altar of Beogh.
  7264 | Orc:1    | Noticed Jorgrun
  7283 | Orc:1    | Killed Jorgrun
  7426 | Orc:2    | Slain by an orc warrior

Levels and vault maps discovered:
D:1:      shiori_arrival_elements, layout_basic
D:2:      layout_loops_cross, first_ration, uniq_crazy_yiuf_cottage
D:3:      layout_loops_ring, nicolae_overflow_hidden_temple, minitemple,
          chequers_ecumenical_altar_lobes, uniq_sigmund
D:4:      layout_cave_pools, serial_shops, nicolae_shop_waterfront,
          ebering_ghost_gozag, dk_yredelemnul_ordeal, uniq_blork_the_orc,
          uniq_grinder
D:5:      layout_rooms, lemuel_crystal_altar, gammafunk_temple_overflow_statue,
          fedhas_bush_and_centaur_altar
D:6:      layout_loops_ring, lemuel_round_altar, elyvilon_altar_3,
          gammafunk_ghost_split, led_sif_book
D:7:      layout_gridville, overflow_temple_1_default, temple_hall_moat,
          the_bakery
D:8:      layout_loops_ring, gammafunk_ghost_ooze
D:9:      layout_basic, trog_ov_bears_minmay, grunt_lair_entry_orc_guard_hut,
          uniq_maurice
D:10:     layout_small_grid, david_orc_1_choice, special_room
          [special_room_orc], ebering_ghost_inner_flame, enter_bailey_6
D:11:     layout_irregular_city, uniq_grum
D:12:     minmay_the_grid_plus [minmay_the_grid_minigrid_large,
          minmay_the_grid_zigzag_pyramid, minmay_the_grid_outer_diamond,
          minmay_the_grid_doors, minmay_the_grid_prize_trominoes], layout_basic
Temple:   nicolae_temple_hex_pool
Lair:1:   layout_roguey, grunt_megastairs_3
Lair:2:   layout_loops_ring
Lair:3:   layout_cave_shapes, swamp_mist, bobbens_dragon_lair_wall
Lair:4:   layout_misc_corridors, guppyfry_snake_entry_garden, grunt_megastairs_2
Orc:1:    layout_caves, uniq_jorgrun
Orc:2:    st_orc_rangers, layout_caves, gauntlet_entry_generic, basic_altar

Skill      XL: |  1  2  3  4  5  6  7  8  9 10 11 12 13 |
---------------+----------------------------------------+-----
Throwing       | 2 |  2.0
Axes           | 2 4 5 6 7 8 10 11 12 13 14 | 14.2
Fighting       | 2 4 6 7 8 9 |  9.7
Armour         | 1 4 6 7 8 9 |  9.7
Evocations     | 2 3 4 |  4.2
Invocations    | 3 5 |  5.0
Dodging        | 3 5 |  5.9
Spellcasting   | |  1.0
Hexes          | |  2.6

Action                   |  1- 3 |  4- 6 |  7- 9 | 10-12 | 13-15 || total
-------------------------+-------+-------+-------+-------+-------++-------
Melee: Short sword       |     5 |       |       |       |       ||     5
       Hand axe          |    56 |   137 |   143 |       |       ||   336
       War axe           |       |       |   200 |   673 |   183 ||  1056
       Dire flail        |       |       |       |    18 |       ||    18
Throw: Javelin           |    19 |    12 |    25 |    17 |       ||    73
       Dart              |       |    28 |    50 |    12 |     2 ||    92
       Boomerang         |       |    22 |    21 |    10 |       ||    53
       Throwing net      |       |     2 |     3 |     2 |       ||     7
 Cast: Corona            |    19 |    33 |     4 |       |       ||    56
Invok: Minor Destruction |       |       |       |     1 |       ||     1
       Lesser Servant of |       |       |       |       |     3 ||     3
Evoke: Wand              |       |       |     1 |     7 |     1 ||     9
  Use: Scroll            |       |     4 |     8 |    12 |     1 ||    25
       Potion            |       |     1 |     4 |    13 |     2 ||    20
 Stab: Sleeping          |     2 |       |       |       |       ||     2
       Invisible         |       |       |       |     2 |     4 ||     6
       Distracted        |       |       |       |       |     2 ||     2
  Eat: Chunk             |       |     4 |     9 |    11 |     3 ||    27
Armor: Robe              |    24 |    35 |       |       |       ||    59
       Scale mail        |       |    24 |    25 |       |       ||    49
       Leather armour    |       |     2 |       |       |       ||     2
       Chain mail        |       |       |   205 |   523 |       ||   728
       Skin              |       |       |       |    21 |       ||    21
       Plate armour      |       |       |       |    15 |   161 ||   176
Dodge: Dodged            |    46 |    75 |   124 |   310 |   100 ||   655

Table legend:
 A = Non-vault XP
 B = Vault XP
 C = Vault XP percentage of total XP
 D = Non-vault monster count
 E = Vault monster count
 F = Vault count percentage of total count
                 A         B        C        D         E       F
            +---------+---------+-------+---------+---------+-------
      Total |   26369 |   14636 |  35.7 |     286 |      81 |  22.1
            +---------+---------+-------+---------+---------+-------
        D:1 |      43 |       0 |   0.0 |      18 |       0 |   0.0
        D:2 |      46 |       0 |   0.0 |      12 |       0 |   0.0
        D:3 |     130 |       0 |   0.0 |      25 |       0 |   0.0
        D:4 |     461 |     374 |  44.8 |      24 |       3 |  11.1
        D:5 |     273 |     118 |  30.2 |       9 |       1 |  10.0
        D:6 |     783 |       0 |   0.0 |      14 |       0 |   0.0
        D:7 |     934 |       0 |   0.0 |      14 |       0 |   0.0
        D:8 |     228 |       0 |   0.0 |       6 |       0 |   0.0
        D:9 |     182 |     653 |  78.2 |       3 |       6 |  66.7
       D:10 |     970 |    1387 |  58.8 |      12 |      34 |  73.9
       D:11 |    1720 |     133 |   7.2 |      17 |       1 |   5.6
       D:12 |     668 |    1108 |  62.4 |       2 |       2 |  50.0
     Lair:1 |    1952 |    2463 |  55.8 |       9 |       7 |  43.8
     Lair:2 |    3556 |       0 |   0.0 |      16 |       0 |   0.0
     Lair:3 |    4423 |    2161 |  32.8 |      18 |       7 |  28.0
     Lair:4 |    6574 |     147 |   2.2 |      20 |       1 |   4.8
      Orc:1 |    1301 |    2225 |  63.1 |      24 |       2 |   7.7
      Orc:2 |    2125 |     881 |  29.3 |      43 |      11 |  20.4
   Gauntlet |       0 |    2986 | 100.0 |       0 |       6 | 100.0
            +---------+---------+-------+---------+---------+-------
